Map: Abiogenesis LE

Players

SALTKING - Winner!

  • Race: Terran Terran
  • League: Master
  • Spawn Location: 5:00

Leon

  • Race: Protoss Protoss
  • League: Platinum
  • Spawn Location: 11:00

VOD

Have the link to the VOD?

Description

TvA

Time

  • Played on: March 1, 2018, 9:44 p.m.
  • Length: 5:48
Show
View Real Time Build Order
Export as new Build Order

SALTKING Terran - Winner!

Build Orders: 1/1/1, Liberator Opening 

Get SALT Encoding   

  12  0:00  SCV  
  13  0:13  SCV  
  14  0:17  Supply Depot  
  14  0:25  SCV  
  15  0:31  Refinery  
  15  0:38  SCV  
  16  0:46  Barracks  
  16  0:50  SCV  
  17  0:57  Refinery  
  17  1:03  SCV  
  18  1:15  SCV  
  19  1:27  SCV  
  20  1:33  Barracks Reactor  
  20  1:39  Factory  
  21  1:42  Orbital Command  
  20  1:49  Supply Depot  
  20  2:11  SCV  
  21  2:16  Marine x2  
  23  2:23  Factory Tech Lab  
  23  2:25  Starport  
  23  2:27  SCV  
  24  2:34  Marine x2  
  26  2:43  Siege Tank  
  29  2:49  Supply Depot  
  29  2:53  SCV  
  29  2:54  Liberator  
  29  2:57  Marine  
  31  3:10  Marine  
  35  3:14  Marine  
  35  3:18  Supply Depot  
  39  3:27  Siege Tank  
  39  3:37  Bunker  
  39  3:40  Marine x2  
  39  3:41  Liberator  
  41  3:46  Supply Depot  
  41  4:00  Marine  
  41  4:01  Marine, SCV  
  47  4:09  Supply Depot  
  47  4:15  Bunker  
  47  4:23  Liberator  
  47  4:24  Bunker  
  47  4:30  Marine x2  
  48  4:31  Siege Tank  
  54  4:48  Marine x2  
  56  5:01  Bunker  
  56  5:06  Marine x2  
  61  5:24  Marine  
  61  5:26  Barracks  
  61  5:27  Marine  
  62  5:34  Supply Depot  
Show
View Real Time Build Order
Export as new Build Order

Leon Protoss 

Build Orders:  

Get SALT Encoding   

  12  0:02  Probe  
  14  0:14  Probe  
  14  0:18  Pylon  
  14  0:27  Probe (Chrono Boost)  
  15  0:36  Gateway  
  15  0:41  Probe (Chrono Boost)  
  16  0:49  Probe (Chrono Boost)  
  17  0:55  Probe  
  17  0:56  Assimilator  
  18  1:07  Probe  
  19  1:18  Assimilator  
  19  1:24  Cybernetics Core  
  19  1:26  Probe  
  20  1:38  Probe  
  21  1:51  Probe  
  22  2:01  Nexus  
  22  2:03  Probe  
  22  2:06  Pylon  
  23  2:23  Warp Gate  
  23  2:24  Stalker (Chrono Boost), Probe  
  26  2:35  Pylon  
  26  2:36  Probe  
  26  2:49  Stalker  
  28  2:56  Probe  
  29  3:08  Probe  
  30  3:14  Twilight Council  
  30  3:24  Pylon  
  30  3:30  Gateway  
  30  3:31  Stalker  
  30  3:33  Gateway  
  32  3:35  Probe  
  32  3:37  Probe  
  34  3:47  Probe  
  35  3:49  Probe  
  36  3:59  Probe  
  36  4:01  Probe  
  36  4:46  Stalker  
  34  5:13  Stalker  
  34  5:14  Stalker  
  34  5:17  Stalker  
Tags
 
Add a new tag
Caveats
  • Supply blocks, unpowered buildings, or Contaminate may cause inaccurate times.
  • Supply counts are checked every 10 seconds.